 Dungeon Crawl Stone Soup version 0.22.1-2-g9c5b331383 (webtiles) character file.

408 Morrissey the Chopper (level 6, -7/57 HPs)
             Began as a Deep Dwarf Fighter on Nov 17, 2018.
             Killed by divine providence
             ... invoked by an orc priest
              (12 damage)
             ... on level 3 of the Dungeon.
             The game lasted 00:03:56 (1565 turns).

Morrissey the Chopper (Deep Dwarf Fighter)          Turns: 1565, Time: 00:03:57

Health: -7/57      AC:  7    Str: 19    XL:     6   Next: 57%
Magic:  6/6        EV:  7    Int:  9    God:
Gold:   126        SH:  9    Dex: 14    Spells: 5/5 levels left

rFire    . . .     SeeInvis .   a - +0 war axe
rCold    . . .     Gourm    .   c - +0 shield
rNeg     . . .     Faith    .   b - +0 scale mail
rPois    .         Spirit   .   (no helmet)
rElec    .         Reflect  .   (no cloak)
rCorr    .         Harm     .   (no gloves)
MR       .....                  (no boots)
Stlth    ..........             (no amulet)
HPRegen  0.00/turn              (no ring)
MPRegen  0.10/turn              (no ring)

@: non-regenerating, drained
A: damage resistance, heal wounds, sense surroundings 1, no regeneration
a: Heal Wounds


You were on level 3 of the Dungeon.
You were not hungry.

You visited 1 branch of the dungeon, and saw 3 of its levels.

You collected 126 gold pieces.

Inventory:

Hand Weapons
 a - a +0 war axe (weapon)
Armour
 b - a +0 scale mail (worn)
 c - a +0 shield (worn)
Wands
 p - a wand of random effects (20)
Scrolls
 e - 5 scrolls of teleportation {unknown}
 g - a scroll of fear {unknown}
 h - a scroll of random uselessness {unknown}
 l - 5 scrolls of identify {unknown}
 m - 2 scrolls of enchant weapon {unknown}
 n - 3 scrolls of remove curse {unknown}
 o - 2 scrolls of amnesia {unknown}
 q - a scroll of enchant armour {unknown}
 u - a scroll of magic mapping {unknown}
 v - a scroll of blinking {unknown}
Potions
 d - a potion of might
 i - 2 potions of haste {unknown}
 j - a potion of ambrosia {unknown}
 k - 3 potions of lignification {unknown}
 r - a potion of heal wounds {unknown}
 s - a potion of berserk rage {unknown}
 w - a potion of brilliance {unknown}
Comestibles
 f - 7 rations
 t - 7 chunks of flesh


   Skills:
 + Level 3.9(3.4) Fighting
 * Level 5.1(4.7) Axes
 + Level 4.6(4.1) Armour
 + Level 4.6(4.2) Shields


You had 5 spell levels left.
You didn't know any spells.
Your spell library contained the following spells:

 Spells                   Type           Power        Failure   Level  Hunger
 Confusing Touch          Hex            #.....       99%         1    ##.....
 Confuse                  Hex            #.......     100%        3    ####...
 Gell's Gravitas          Tloc           #.........   100%        3    ####...
 Petrify                  Tmut/Erth      #.......     100%        4    #####..
 Metabolic Englaciation   Hex/Ice        #.........   100%        5    ######.
 Yara's Violent Unravell  Hex/Tmut       #.........   100%        5    ######.


Dungeon Overview and Level Annotations

Branches:
Dungeon (3/15)

Altars:
Kikubaaqudgha
Nemelex Xobeh
The Shining One


Innate Abilities, Weirdness & Mutations

You are resistant to damage.
You can heal yourself by infusing magical energy.
You passively map a small area around you.
You do not regenerate.


Message History

The orc priest shouts!
The orc shouts!
The goblin shouts!
You hear a shout! x2
An orc comes into view. It is wielding a flail.
An orc wizard comes into view. It is wielding a dagger.
The orc priest moves out of view.
The orc wizard shouts!
An orc and an orc priest come into view.
The orc priest is wielding a mace of draining.
The orc is wielding a whip of The orc shouts!
Found 10 gold pieces.
Found a stone staircase leading down.
The orc throws a tomahawk.
The tomahawk barely misses you.
Found a stone staircase leading up.
You see here a tomahawk.
The orc priest mumbles some strange prayers to Beogh against you.
Beogh smites you!
* * * LOW HITPOINT WARNING * * *
You are too injured to fight recklessly!
The orc priest mumbles some strange prayers to Beogh against you.
Beogh smites you!
You die...

.........#####.#####.#
*** #.
.........#.........#.#
##
...........#######...#
..........###$o$###..#
########..##.....##..#
* #..#..oo...#..# ,
...#.≈.g.≈.#..# ,
....#...ooo.#..# ,
.....#...@...#..# , ,
.....#.......#..# ,,
#.≈...≈.#..# *
.#....(..#..#
#.............#
#..>..........#
#.#....########
#...... , #......


You could see 2 orc priests, an orc wizard, 3 orcs and a goblin.

Vanquished Creatures
  Grinder (D:3)
  2 vampire bats (D:2)
  Jessica (D:2)
  4 adders
  A worm (D:2)
  3 dart slugs
  A leopard gecko (D:3)
  An orc (D:3)
  A ball python (D:3)
  3 bat skeletons (D:2)
  3 bat zombies (D:2)
  3 giant cockroaches (D:1)
  7 goblins
  5 hobgoblins
  6 kobolds
  A quokka (D:2)
  3 bats
  2 frilled lizards
  9 rats
57 creatures vanquished.

Notes
Turn   | Place    | Note
-------+----------+-------------------------------------------
     0 | D:1      | Morrissey the Deep Dwarf Fighter began the quest for the
                  | Orb.
     0 | D:1      | Reached XP level 1. HP: 20/20 MP: 1/1
     3 | D:1      | Noticed an electric eel
     3 | D:1      | Noticed an electric eel
   133 | D:1      | Reached XP level 2. HP: 20/27 MP: 2/2
   527 | D:2      | Reached skill level 3 in Axes
   527 | D:2      | Reached XP level 3. HP: 6/34 MP: 3/3
   721 | D:2      | Found a glowing golden altar of the Shining One.
   778 | D:2      | Found an ancient bone altar of Kikubaaqudgha.
   788 | D:2      | Reached XP level 4. HP: 40/42 MP: 4/4
   809 | D:2      | Reached XP level 5. HP: 45/49 MP: 5/5
   842 | D:2      | Reached skill level 4 in Axes
  1133 | D:2      | Noticed Jessica
  1140 | D:2      | Killed Jessica
  1364 | D:3      | Found a sparkling altar of Nemelex Xobeh.
  1385 | D:3      | Noticed Grinder
  1399 | D:3      | Paralysed by Grinder for 3 turns
  1428 | D:3      | Killed Grinder
  1428 | D:3      | Reached skill level 5 in Axes
  1428 | D:3      | Reached XP level 6. HP: 18/57 MP: 6/6
  1565 | D:3      | Killed from afar by an orc priest

Skill      XL: |  1  2  3  4  5 |
---------------+----------------+-----
Fighting       | 3 |  3.9
Axes           | 3 5 |  5.1
Armour         | 4 |  4.6
Shields        | 4 |  4.6

Action                   |  1- 3 |  4- 6 || total
-------------------------+-------+-------++-------
Melee: War axe           |   133 |    81 ||   214
 Abil: Heal Wounds       |     1 |     1 ||     2
  Eat: Chunk             |       |     3 ||     3
Armor: Scale mail        |   109 |    26 ||   135
Dodge: Dodged            |    58 |    20 ||    78
Block: Shield            |    88 |    49 ||   137
